NCAA
TEXAS A&M AGGIES @ FLORIDA STATE SEMINOLES
04/11/2060
 
TOP OF THE 1ST
Texas A&M Aggies batting - Pitching for Florida State Seminoles : LHP Alexzander Billings
Pitching: LHP Alexzander Billings
Batting: RHB Jeremy Stegall 0-0: Ground out 4-3 (Groundball, 4, EV 103.1 MPH)
Batting: RHB Nathan Blanchette 0-0: Called Strike
0-1: Called Strike
0-2: Strikes out swinging
Batting: LHB Barrett Avila 0-0: Swinging Strike
0-1: Fly out, F6 (Popup, 6M, EV 75.6 MPH)
Top of the 1st over - 0 runs, 0 hits, 0 errors, 0 left on base; Texas A&M 0 - Florida State 0
BOTTOM OF THE 1ST
Florida State Seminoles batting - Pitching for Texas A&M Aggies : RHP Vince O'Meara
Pitching: RHP Vince O'Meara
Batting: RHB Bailey Bagwell 0-0: Ball
1-0: Ball
2-0: Ball
3-0: Base on Balls
Batting: SHB Braden Metzen 0-0: Called Strike
Bailey Bagwell is caught stealing 2nd base 2-6
0-1: Ball
1-1: Called Strike
1-2: Strikes out swinging
Batting: RHB Mason Camillo 0-0: SINGLE (Groundball, 4MD, EV 103.1 MPH)
Batting: RHB Bryant Addison 0-0: Ball
1-0: Ball
2-0: Ball
3-0: Called Strike
3-1: Swinging Strike
3-2: Foul Ball, location: 2F
3-2: Base on Balls
Mason Camillo to second
Batting: RHB Drew Waters 0-0: Called Strike
0-1: Called Strike
0-2: Foul Ball, location: 5F, Error on foul ball, E5
0-2: Ball
1-2: Ball
2-2: Foul Ball, location: 2F
2-2: Ball
3-2: Foul Ball, location: 2F
3-2: Base on Balls
Mason Camillo to third
Bryant Addison to second
Batting: RHB Charlie Lowe 0-0: Called Strike
0-1: Ball
1-1: SINGLE (Line Drive, 8RS, EV 107.5 MPH)
Mason Camillo scores
Bryant Addison to third
Drew Waters to second
Runner from 3rd tries for Home, SAFE, throw by CF to home
Batting: RHB Samuel Robb 0-0: Ball
1-0: Called Strike
1-1: Swinging Strike
1-2: Foul Ball, location: 2F
1-2: Strikes out swinging
Bottom of the 1st over - 2 runs, 2 hits, 1 error, 2 left on base; Texas A&M 0 - Florida State 2
TOP OF THE 2ND
Texas A&M Aggies batting - Pitching for Florida State Seminoles : LHP Alexzander Billings
Batting: RHB Christopher Wheat 0-0: Called Strike
0-1: Foul Ball, location: 2F
0-2: Ball
1-2: Foul Ball, location: 2F
1-2: Ball
2-2: Ball
3-2: Base on Balls
Batting: RHB Ethan Winer 0-0: Called Strike
Christopher Wheat is caught stealing 2nd base 2-4
0-1: Called Strike
0-2: Strikes out swinging
Batting: RHB Nolan Ardizzone 0-0: Swinging Strike
0-1: Fly out, F8 (Line Drive, 78M, EV 96.9 MPH)
Top of the 2nd over - 0 runs, 0 hits, 0 errors, 0 left on base; Texas A&M 0 - Florida State 2
BOTTOM OF THE 2ND
Florida State Seminoles batting - Pitching for Texas A&M Aggies : RHP Vince O'Meara
Batting: RHB Kyle Christie 0-0: Swinging Strike
0-1: Foul Ball, location: 2F
0-2: Ball
1-2: Strikes out looking
Batting: LHB Lamar Wilson 0-0: SINGLE (Groundball, 34S, EV 68.8 MPH) (infield hit)
Batting: RHB Bailey Bagwell 0-0: Called Strike
Lamar Wilson is caught stealing 2nd base 2-4
0-1: Ball
1-1: Ball
2-1: Foul Ball, location: 2F
2-2: Ball
3-2: Ground out U3 (Groundball, 34, EV 108.8 MPH)
Bottom of the 2nd over - 0 runs, 1 hit, 0 errors, 0 left on base; Texas A&M 0 - Florida State 2
TOP OF THE 3RD
Texas A&M Aggies batting - Pitching for Florida State Seminoles : LHP Alexzander Billings
Batting: RHB Benny McConnell 0-0: Called Strike
0-1: Foul Ball, location: 2F
0-2: Foul Ball, location: 2F
0-2: Strikes out swinging
Batting: RHB Owen Foster 0-0: Swinging Strike
0-1: Ball
1-1: Fly out, F3 (Popup, 23F, EV 86.9 MPH)
Batting: LHB Trevon Isles 0-0: Called Strike
0-1: Ball
1-1: Foul Ball, location: 2F
1-2: Strikes out swinging
Top of the 3rd over - 0 runs, 0 hits, 0 errors, 0 left on base; Texas A&M 0 - Florida State 2
BOTTOM OF THE 3RD
Florida State Seminoles batting - Pitching for Texas A&M Aggies : RHP Vince O'Meara
Batting: SHB Braden Metzen 0-0: Ball
1-0: Ball
2-0: Foul Ball, location: 2F
2-1: Ground out 1-3 (Groundball, 13S, EV 68.1 MPH)
Batting: RHB Mason Camillo 0-0: Ground out 5-3 (Groundball, 5, EV 111.9 MPH)
Batting: RHB Bryant Addison 0-0: Foul Ball, location: 2F
0-1: Fly out, F7 (Line Drive, 7, EV 98.8 MPH)
Bottom of the 3rd over - 0 runs, 0 hits, 0 errors, 0 left on base; Texas A&M 0 - Florida State 2
TOP OF THE 4TH
Texas A&M Aggies batting - Pitching for Florida State Seminoles : LHP Alexzander Billings
Batting: RHB Jeremy Stegall 0-0: Ball
1-0: Called Strike
1-1: Foul Ball, location: 2F
1-2: Ball
2-2: Ball
3-2: Foul Ball, location: 2F
3-2: Strikes out swinging
Batting: RHB Nathan Blanchette 0-0: Called Strike
0-1: Swinging Strike
0-2: Ball
1-2: Strikes out swinging
Batting: LHB Barrett Avila 0-0: Called Strike
0-1: Called Strike
0-2: SINGLE (Flyball, 56D, EV 84.4 MPH)
Batting: RHB Christopher Wheat 0-0: Swinging Strike
0-1: Called Strike
0-2: Ball
1-2: Foul Ball, location: 2F
1-2: Ball
2-2: SINGLE (Line Drive, 34D, EV 100.6 MPH)
Barrett Avila to second
Batting: RHB Ethan Winer 0-0: Called Strike
0-1: Foul Ball, location: 2F
0-2: Foul Ball, location: 2F
0-2: Ball
1-2: SINGLE (Groundball, 6MD, EV 108.1 MPH)
Barrett Avila to third
Christopher Wheat to second
Runner from 3rd tries for Home, SAFE, throw by CF to home
Batting: RHB Nolan Ardizzone 0-0: Called Strike
0-1: Ball
1-1: Ground out 1-3 (Groundball, 34S, EV 77.5 MPH)
Top of the 4th over - 1 run, 3 hits, 0 errors, 2 left on base; Texas A&M 1 - Florida State 2
BOTTOM OF THE 4TH
Florida State Seminoles batting - Pitching for Texas A&M Aggies : RHP Vince O'Meara
Batting: RHB Drew Waters 0-0: Ball
1-0: Ball
2-0: SINGLE (Groundball, 4MD, EV 100.6 MPH)
Batting: RHB Charlie Lowe 0-0: Fly out, F8 (Flyball, 8RM, EV 86.2 MPH)
Batting: RHB Samuel Robb 0-0: Called Strike
0-1: Called Strike
0-2: Ball
1-2: Foul Ball, location: 2F
1-2: Ball
2-2: Fly out, F4 (Popup, 34, EV 57.5 MPH)
Batting: RHB Kyle Christie 0-0: Ball
1-0: Fly out, F7 (Flyball, 7D, EV 102.5 MPH)
Bottom of the 4th over - 0 runs, 1 hit, 0 errors, 1 left on base; Texas A&M 1 - Florida State 2
TOP OF THE 5TH
Texas A&M Aggies batting - Pitching for Florida State Seminoles : LHP Alexzander Billings
Batting: RHB Benny McConnell 0-0: Fly out, F7 (Flyball, 7S, EV 83.1 MPH)
Batting: RHB Owen Foster 0-0: Swinging Strike
0-1: Foul Ball, location: 9LSF, Error on foul ball, E9
0-2: Reached on error, E5 (Groundball, 56, EV 98.8 MPH)
Batting: LHB Trevon Isles 0-0: Fielders Choice at 2nd, 4-6 (Groundball, 4, EV 84.4 MPH)
Batting: RHB Jeremy Stegall 0-0: Ball
1-0: Ball
2-0: Called Strike
2-1: Foul Ball, location: 2F
2-2: Foul Ball, location: 2F
2-2: Foul Ball, location: 2F
2-2: Strikes out looking
Top of the 5th over - 0 runs, 0 hits, 2 errors, 1 left on base; Texas A&M 1 - Florida State 2
BOTTOM OF THE 5TH
Florida State Seminoles batting - Pitching for Texas A&M Aggies : RHP Vince O'Meara
Batting: LHB Lamar Wilson 0-0: Foul Ball, location: 2F
0-1: Swinging Strike
0-2: Strikes out looking
Batting: RHB Bailey Bagwell 0-0: Ball
1-0: Ball
2-0: Called Strike
2-1: Ball
3-1: Base on Balls
Batting: SHB Braden Metzen 0-0: Called Strike
Bailey Bagwell steals 2nd base
0-1: Ball
1-1: Called Strike
1-2: Ground out 6-3 (Groundball, 6S, EV 78.8 MPH)
Bailey Bagwell to third
Batting: RHB Mason Camillo 0-0: Ball
1-0: Swinging Strike
1-1: Foul Ball, location: 2F
1-2: Ball
2-2: Fly out, F6 (Popup, 15S, EV 80.0 MPH)
Bottom of the 5th over - 0 runs, 0 hits, 0 errors, 1 left on base; Texas A&M 1 - Florida State 2
TOP OF THE 6TH
Texas A&M Aggies batting - Pitching for Florida State Seminoles : LHP Alexzander Billings
Batting: RHB Nathan Blanchette 0-0: Ball
1-0: Ground out 5-3 (Groundball, 56, EV 88.1 MPH)
Batting: LHB Barrett Avila 0-0: SINGLE (Line Drive, 7S, EV 94.4 MPH)
Batting: RHB Christopher Wheat 0-0: Called Strike
0-1: Foul Ball, location: 2F
0-2: Strikes out swinging
Batting: RHB Ethan Winer 0-0: Ball
1-0: Ball
2-0: Called Strike
2-1: Ball
3-1: Base on Balls
Barrett Avila to second
Batting: RHB Nolan Ardizzone 0-0: Ball
1-0: Called Strike
1-1: Foul Ball, location: 2F
1-2: Fly out, F7 (Flyball, 7D, EV 90.0 MPH)
Top of the 6th over - 0 runs, 1 hit, 0 errors, 2 left on base; Texas A&M 1 - Florida State 2
BOTTOM OF THE 6TH
Florida State Seminoles batting - Pitching for Texas A&M Aggies : RHP Vince O'Meara
Pitching: RHP Sullivan Beck
Batting: RHB Bryant Addison 0-0: Called Strike
0-1: Ball
1-1: Ground out 5-3 (Groundball, 56, EV 103.1 MPH)
Batting: RHB Drew Waters 0-0: Ball
1-0: DOUBLE (Line Drive, 89M, EV 106.9 MPH)
Batting: RHB Charlie Lowe 0-0: Foul Ball, location: 2F
0-1: Ball
1-1: Swinging Strike
1-2: Foul Ball, location: 2F
1-2: Strikes out swinging
Batting: RHB Samuel Robb 0-0: Ball
1-0: Ball
2-0: Fly out, F8 (Flyball, 8RS, EV 86.9 MPH)
Bottom of the 6th over - 0 runs, 1 hit, 0 errors, 1 left on base; Texas A&M 1 - Florida State 2
TOP OF THE 7TH
Texas A&M Aggies batting - Pitching for Florida State Seminoles : LHP Alexzander Billings
Batting: RHB Benny McConnell 0-0: Ball
1-0: Fly out, F7 (Flyball, 78S, EV 88.1 MPH)
Pitching: RHP Camden Powell
Pinch Hitting: LHB Jakob Kilpatrick 0-0: Ball
1-0: Called Strike
1-1: Called Strike
1-2: Fly out, F6 (Popup, 4MD, EV 41.2 MPH)
Batting: LHB Trevon Isles 0-0: Ball
1-0: Reached on error, E3 (Groundball, 3, EV 80.6 MPH)
Batting: RHB Jeremy Stegall 0-0: Called Strike
0-1: SINGLE (Flyball, 3D, EV 93.8 MPH)
Trevon Isles to second
Runner from 2nd tries for 3rd, OUT! 9-5
Top of the 7th over - 0 runs, 1 hit, 1 error, 1 left on base; Texas A&M 1 - Florida State 2
BOTTOM OF THE 7TH
Florida State Seminoles batting - Pitching for Texas A&M Aggies : RHP Sullivan Beck
Now at 1B: Jakob Kilpatrick
Batting: RHB Kyle Christie 0-0: Ball
1-0: SOLO HOME RUN (Line Drive, 7D, EV 102.5 MPH), Distance : 394 ft
Batting: LHB Lamar Wilson 0-0: Swinging Strike
0-1: Ground out 4-3 (Groundball, 34, EV 86.2 MPH)
Batting: RHB Bailey Bagwell 0-0: Called Strike
0-1: Ball
1-1: Ball
2-1: Swinging Strike
2-2: Strikes out swinging
Batting: SHB Braden Metzen 0-0: Ball
1-0: Ball
2-0: Ground out 4-3 (Groundball, 4M, EV 88.8 MPH)
Bottom of the 7th over - 1 run, 1 hit, 0 errors, 0 left on base; Texas A&M 1 - Florida State 3
TOP OF THE 8TH
Texas A&M Aggies batting - Pitching for Florida State Seminoles : RHP Camden Powell
Batting: RHB Nathan Blanchette 0-0: Fly out, F8 (Flyball, 8LD, EV 92.5 MPH)
Pitching: LHP Kamron Lemos
Batting: LHB Barrett Avila 0-0: Ball
1-0: Ball
2-0: Called Strike
2-1: Ball
3-1: Fly out, F7 (Flyball, 78D, EV 96.2 MPH)
Pitching: RHP Caleb Schier
Batting: RHB Christopher Wheat 0-0: Ball
1-0: Ball
2-0: Ground out 6-3 (Groundball, 6, EV 86.2 MPH)
Top of the 8th over - 0 runs, 0 hits, 0 errors, 0 left on base; Texas A&M 1 - Florida State 3
BOTTOM OF THE 8TH
Florida State Seminoles batting - Pitching for Texas A&M Aggies : RHP Sullivan Beck
Batting: RHB Mason Camillo 0-0: Ball
1-0: Ground out 5-3 (Groundball, 56S, EV 65.6 MPH)
Batting: RHB Bryant Addison 0-0: Ball
1-0: Ball
2-0: Ball
3-0: Called Strike
3-1: Fly out, F8 (Flyball, 8RS, EV 89.4 MPH)
Batting: RHB Drew Waters 0-0: Ball
1-0: Fly out, F7 (Flyball, 7, EV 80.6 MPH)
Bottom of the 8th over - 0 runs, 0 hits, 0 errors, 0 left on base; Texas A&M 1 - Florida State 3
TOP OF THE 9TH
Texas A&M Aggies batting - Pitching for Florida State Seminoles : RHP Caleb Schier
Pitching: LHP Gary Brothers
Batting: RHB Ethan Winer 0-0: Ball
1-0: Called Strike
1-1: Swinging Strike
1-2: Foul Ball, location: 2F
1-2: Strikes out swinging
Batting: RHB Nolan Ardizzone 0-0: Called Strike
0-1: Called Strike
0-2: Ball
1-2: Strikes out swinging
Batting: RHB Benny McConnell 0-0: Ball
1-0: Called Strike
1-1: Fly out, F7 (Line Drive, 78M, EV 101.9 MPH)
Top of the 9th over - 0 runs, 0 hits, 0 errors, 0 left on base; Texas A&M 1 - Florida State 3
Saturday, April 27th , 2024 - OOTP Baseball 23.10 Build 110